 Dungeon Crawl Stone Soup version 0.31-a0-83-gbff143cfd1 (webtiles) character file.

Game seed: 7263457258099205253

645 Maxmaps the Stinger (level 7, -14/57 HPs)
             Began as a Green Draconian Transmuter on May 25, 2023.
             Was an Initiate of the Shining One.
             Demolished by Menkaure (22 damage)
             ... on level 5 of the Dungeon.
             The game lasted 00:05:14 (4923 turns).

Maxmaps the Stinger (Green Draconian Transmuter)    Turns: 4923, Time: 00:05:15

Health: -14/57     AC:  2    Str: 19    XL:     7   Next: 27%
Magic:  5/10       EV: 21    Int: 15    God:    the Shining One [......]
Gold:   251        SH:  0    Dex: 16    Spells: 6/10 levels left

rFire   . .          .
                       - Unarmed
rCold   . . .        (shield currently unavailable)
rNeg    . . .        (body armour unavailable)
rPois   x            (helmet currently unavailable)
rElec   .            b - melded +0 cloak
rCorr   .            j - melded +0 pair of gloves
SInv    .            (boots currently unavailable)
Will    ++...        (no amulet)
Stlth   +            g - +6 ring of strength
HPRegen 0.29/turn    (no ring)
MPRegen 0.12/turn

%: no passive effects
@: short of breath, spider-form, glowing
A: venomous fangs, (breathe noxious fumes), AC +6, tiny, unfitting armour,
(poison resistance), (cold-blooded), strong-willed 2, MP-powered wands
a: End Transformation, Renounce Religion


You were on level 5 of the Dungeon.
You worshipped the Shining One.
The Shining One was noncommittal.
You were a venomous arachnid creature.
You visited 2 branches of the dungeon, and saw 6 of its levels.

You collected 251 gold pieces.

Inventory:

Armour
 b - a +0 cloak (melded)
 j - a +0 pair of gloves (melded)
Jewellery
 g - a +6 ring of strength (left front pincers)
 k - a ring of flight
Wands
 i - a wand of polymorph (2)
Scrolls
 d - 4 scrolls of identify {unknown}
 e - a scroll of teleportation {unknown}
 h - a scroll of enchant armour {unknown}
Potions
 a - 3 potions of attraction
 c - a potion of enlightenment {unknown}
 f - 3 potions of resistance
 l - 2 potions of brilliance {unknown}
 m - a potion of might {unknown}
 n - a potion of haste
 o - a potion of degeneration {unknown}


   Skills:
 - Level 3.2 Fighting
 - Level 4.0 Dodging
 - Level 3.0 Unarmed Combat
 - Level 2.0 Spellcasting
 - Level 4.1 Transmutations
 + Level 5.7 Poison Magic


You had 6 spell levels left.
You knew the following spells:

 Your Spells              Type           Power      Damage    Failure   Level
a - Beastly Appendage     Tmut           26%        N/A       13%         1
b - Spider Form           Tmut/Pois      15%        N/A       24%         3

Your spell library contained the following spells:

 Spells                   Type           Power      Damage    Failure   Level
 Sting                    Tmut/Pois      60%        1d6       11%         1
 Wereblood                Tmut           13%        N/A       17%         2
 Poisonous Vapours        Pois/Air       18%        N/A       28%         2
 Olgreb's Toxic Radiance  Pois           18%        N/A       41%         4
 Inner Flame              Hex/Fire       0%         N/A       78%         3
 Ice Form                 Ice/Tmut       6%         N/A       87%         4
 Flame Wave               Conj/Fire      0%         2d4       98%         4
 Sticky Flame             Conj/Fire      0%         2d3       98%         4


Dungeon Overview and Level Annotations

Branches:
Dungeon (5/15)             Temple (1/1) D:4

Altars:
Ashenzari
Cheibriados
Elyvilon
Fedhas
Kikubaaqudgha
Makhleb
Nemelex Xobeh
Okawaru
Qazlal
Sif Muna
Wu Jian
Yredelemnul
Zin
The Shining One

Shops:
D:3 *

Annotations:
D:3 1 runed translucent door, frimble's ghost, novice OpWr
D:4 3 runed translucent doors, AwFulAwFulPlayer's ghost, novice GnFi
D:5 Menkaure


Innate Abilities, Weirdness & Mutations

You are a venomous arachnid creature.
You have venomous fangs.
You are tiny and dextrous.
Your spellcasting is less reliable in this form.
Your armour is entirely melded.
You are incapable of wielding weapons or throwing items.
((You can breathe blasts of noxious fumes.))
((Your lurid green scales are hard. (AC +6)))
You cannot fit into any form of body armour.
((Your system is resistant to poisons. (rPois)))
((You are cold-blooded and may be slowed by cold attacks.))
You are highly strong-willed. (Will++)
You expend magic power (3 MP) to strengthen your wands.


Message History

Your +0 cloak melds into your body.
Your +0 pair of gloves melds into your body.
The gnoll is engulfed in noxious fumes.
The gnoll appears confused.
The gnoll barely misses something.
Menkaure mumbles some strange words.
Menkaure seems to speed up.
You hear a shout!
You barely miss Menkaure.
Menkaure is lightly damaged.
The gnoll is engulfed in noxious fumes.
Menkaure completely misses you.
You hit Menkaure.
Menkaure is moderately damaged.
The gnoll is engulfed in noxious fumes.
The gnoll appears confused.
Menkaure misses you.
You bite Menkaure!
Menkaure is heavily damaged.
Menkaure misses you.
You hit Menkaure.
Menkaure is severely damaged.
Menkaure calls on the powers of darkness!
The gnoll convulses!
Your body is wracked with pain!
* * * LOW HITPOINT WARNING * * *
You hear a shout!
Your magical contamination has completely faded away.
You hit Menkaure.
Menkaure is severely damaged.
Menkaure closely misses you. The gnoll completely misses you.
You hit Menkaure.
Menkaure is severely damaged.
Menkaure closely misses you. The gnoll hits you with a +0 spear.
* * * LOW HITPOINT WARNING * * *
You hit Menkaure.
Menkaure is severely damaged.
Menkaure calls on the powers of darkness!
Your body is wracked with pain!
* * * LOW HITPOINT WARNING * * *
The gnoll convulses!
A gnoll comes into view. It is wielding a +0 club.
The gnoll closely misses you. Menkaure hits you!!
You die...

#. .# # .# #
# #. #
#..###g#..##
#...sM......
#.###g>.....
###.... +##


You could see Menkaure (fast) and 2 gnolls.

Vanquished Creatures
  Sigmund (D:3)
  An ogre (D:4)
  Blork the orc (D:5)
  A jelly (D:5)
  2 sleepcaps
  2 hounds
  2 iguanas (D:5)
  Robin (D:2)
  5 adders
  A white imp (D:5)
  A worm (D:4)
  4 dart slugs
  An orc (D:4)
  6 ball pythons
  4 endoplasms
  A giant cockroach (D:1)
  12 goblins
  7 hobgoblins
  6 jackals
  4 bats
  5 kobolds
  3 rats
71 creatures vanquished.

Notes
Turn   | Place    | Note
-------+----------+-------------------------------------------
     0 | D:1      | Maxmaps the Draconian Transmuter began the quest for the
                  | Orb.
     0 | D:1      | Reached XP level 1. HP: 16/16 MP: 3/3
   284 | D:1      | Reached XP level 2. HP: 23/25 MP: 5/5
   401 | D:1      | You fall into a shaft and drop 1 floor!
   473 | D:1      | Found a faded altar of an unknown god.
   812 | D:2      | Noticed Robin
   832 | D:2      | Gained mutation: You are strong-willed. (Will+) [potion of
                  | mutation]
   832 | D:2      | Gained mutation: You expend magic power (3 MP) to
                  | strengthen your wands. [potion of mutation]
   832 | D:2      | Gained mutation: You are highly strong-willed. (Will++)
                  | [potion of mutation]
   836 | D:2      | Killed Robin
   837 | D:2      | Reached XP level 3. HP: 11/31 MP: 4/6
   876 | D:2      | Learned a level 3 spell: Spider Form
  1538 | D:2      | Reached XP level 4. HP: 38/38 MP: 5/7
  1739 | D:3      | Found a runed translucent door.
  1744 | D:3      | Noticed frimble's ghost (novice OpWr)
  1801 | D:3      | Noticed Sigmund
  1820 | D:3      | Killed Sigmund
  1821 | D:3      | Reached XP level 5. HP: 32/45 MP: 4/8
  1976 | D:3      | Reached XP level 6. HP: 51/51 MP: 9/9
  1982 | D:3      | Found a basalt altar of Yredelemnul.
  1982 | D:3      | Found a broken altar of Ashenzari.
  1982 | D:3      | Found a blossoming altar of Fedhas.
  2413 | D:3      | Found Biummuodd's Assorted Antiques.
  2564 | D:3      | Found an ornate altar of the Wu Jian Council.
  2564 | D:3      | Found a shimmering blue altar of Sif Muna.
  2764 | D:4      | Reached skill level 2 in Poison Magic
  2871 | D:4      | Found a runed translucent gate.
  3370 | D:4      | Found a runed translucent gate.
  3370 | D:4      | Found a runed translucent gate.
  3370 | D:4      | Noticed AwFulAwFulPlayer's ghost (novice GnFi)
  3599 | D:4      | Found a staircase to the Ecumenical Temple.
  3735 | D:4      | Reached skill level 3 in Poison Magic
  3759 | Temple   | Entered the Ecumenical Temple
  3773 | Temple   | Became a worshipper of the Shining One
  4435 | D:5      | Entered Level 5 of the Dungeon
  4437 | D:5      | Noticed Blork the orc
  4453 | D:5      | Killed Blork the orc
  4454 | D:5      | Reached skill level 4 in Poison Magic
  4454 | D:5      | Your scales start taking on a lurid green colour.
  4454 | D:5      | Reached XP level 7. HP: 45/57 MP: 7/10
  4454 | D:5      | Gained mutation: Your system is resistant to poisons.
                  | (rPois) [Green Draconian growth]
  4458 | D:5      | Reached skill level 5 in Poison Magic
  4882 | D:5      | Found a sparkling altar of Nemelex Xobeh.
  4910 | D:5      | Noticed a gargoyle
  4910 | D:5      | Noticed Menkaure
  4923 | D:5      | Demolished by Menkaure

Illustrated notes

Levels and vault maps discovered:
D:1:      wander_arrival_abandoned_jail, layout_basic,
          ebering_ecumenical_altar_rust, hangedman_decor_clover_reticule,
          serial_park_tiny_1
D:2:      layout_basic, uniq_robin
D:3:      layout_loops_corners, gammafunk_temple_overflow_forgotten,
          gammafunk_temple_overflow_statue, serial_shops, shop,
          ebering_ghost_inner_flame, uniq_sigmund
D:4:      layout_layer_cave, minmay_temple_entry_glassed_door,
          gammafunk_ghost_nasty_kobolds
D:5:      layout_basic, nemelex_diamond_rough_becter,
          biasface_ghost_orc_armoury, uniq_duvessa, uniq_blork_the_orc,
          uniq_menkaure
Temple:   hellmonk_temple_rainy

Skill      XL: |  1  2  3  4  5  6  7 |
---------------+----------------------+-----
Fighting       | 2 3 |  3.2
Transmutations | 3 4 |  4.1
Dodging        | 4 |  4.0
Poison Magic   | 4 5 |  5.7
Unarmed Combat | |  3.0
Spellcasting   | |  2.0

Action                     |  1- 3 |  4- 6 |  7- 9 || total
---------------------------+-------+-------+-------++-------
  Melee: Unarmed           |    76 |   116 |    39 ||   231
         Tailslap          |     7 |     6 |     2 ||    15
         Kick              |     6 |     7 |       ||    13
         Headbutt          |     4 |     2 |       ||     6
         Punch             |     2 |     1 |       ||     3
   Cast: Beastly Appendage |    15 |     3 |       ||    18
         Spider Form       |       |    14 |     4 ||    18
Ability: Breathe Noxious F |       |       |     2 ||     2
    Use: Potion            |     5 |       |       ||     5
 Armour: Skin              |    35 |    15 |     6 ||    56
  Dodge: Dodged            |    38 |    98 |    26 ||   162

Table legend: (Time is in decaauts)
 A = Elapsed time spent in this place.
 B = Non-inter-level travel time spent in this place.
 C = Inter-level travel time spent in this place.
 D = Time resting spent in this place.
 E = Time spent auto-exploring this place.
 F = Levels seen in this place.
 G = Mean time per level.
                   A        B        C        D        E       F      G
               +--------+--------+--------+--------+--------+-----+--------+
         Total |   4909 |   4796 |    113 |    428 |   3750 |   6 |  818.2 |
       Dungeon |   4876 |   4764 |    112 |    428 |   3749 |   5 |  975.2 |
        Temple |     32 |     32 |      0 |      0 |      1 |   1 |   32.0 |
               +--------+--------+--------+--------+--------+-----+--------+

Top non-repeatable levels by time:
     D:4: 1703 daAuts
     D:3: 1002 daAuts
     D:2: 982 daAuts
     D:1: 702 daAuts
     D:5: 485 daAuts
  Temple: 32 daAuts
